 Dungeon Crawl Stone Soup version 0.24.0-28-g17ded55e90 (webtiles) character file.

Game seed: 1613102344170147977, levelgen mode: deterministic

34927 eccles the Severer (level 13, -6/107 HPs)
             Began as a Demonspawn Berserker on Nov 8, 2019.
             Was a High Priest of Trog.
             Mangled by a five-headed hydra (12 damage)
             ... on level 6 of the Lair of Beasts on Nov 13, 2019.
             The game lasted 01:42:35 (14741 turns).

eccles the Severer (Demonspawn Berserker)          Turns: 14741, Time: 01:42:36

Health: -6/107     AC: 22    Str: 21    XL:     13   Next: 44%
Magic:  13/13      EV: 13    Int:  9    God:    Trog [*****.]
Gold:   1010       SH:  0    Dex: 18    Spells: 12/12 levels left

rFire    . . .     SeeInvis .   Q - +8 war axe of Orb Guardian's Regret {drain, Fragile +Inv Dex+4}
rCold    + . .     Gourm    .   (no shield)
rNeg     . . .     Faith    .   C - +2 scale mail {rC+}
rPois    .         Spirit   .   (no helmet)
rElec    .         Reflect  .   K - scarf {repulsion}
rCorr    +         Harm     .   (no gloves)
MR       .....                  (no boots)
Stlth    +.........             r - amulet of the acrobat
HPRegen  0.27/turn              y - +3 ring of slaying
MPRegen  0.13/turn              g - ring of Robustness {AC+8}

@: berserk cooldown, very slightly contaminated, slowed, repel missiles, very
slow
A: talons 1, yellow scales 3, demonic guardian 2, powered by pain 1
a: Berserk, Trog's Hand, Brothers in Arms, Renounce Religion, Evoke Invisibility


You were on level 6 of the Lair of Beasts.
You worshipped Trog.
Trog was extremely pleased with you.
You were hungry.

You visited 2 branches of the dungeon, and saw 17 of its levels.

You collected 1034 gold pieces.
You spent 24 gold pieces at shops.

Inventory:

Hand Weapons
 a - a +4 war axe of freezing
 b - a +0 shortbow
 u - the +4 short sword of Quumaf {pierce, Fragile +Blink +Rage Int-3}
   (You found it on level 9 of the Dungeon)

   It inflicts extra damage upon your enemies.
   It affects your intelligence (-3).
   It lets you blink.
   It lets you go berserk.
   It will be destroyed if unequipped.
 B - a +0 hand crossbow
 H - a +4 antimagic battleaxe
 Q - the +8 war axe of Orb Guardian's Regret (weapon) {drain, Fragile +Inv Dex+4}
   (Trog gifted it to you on level 10 of the Dungeon)

   A truly terrible weapon, it drains the life of those it strikes.
   It affects your dexterity (+4).
   It lets you turn invisible.
   It will be destroyed if unequipped.
Missiles
 d - 196 arrows
 i - 82 bolts
 o - 64 poisoned darts (quivered)
Armour
 z - a +0 plate armour
 C - a +2 scale mail of cold resistance (worn)
 K - a scarf of repulsion (worn)
 P - a +0 cloak
 T - a +2 cloak of poison resistance
Jewellery
 g - the ring of Robustness (right hand) {AC+8}
   (You found it on level 8 of the Dungeon)

   [ring of protection]

   It affects your AC (+8).
 q - an uncursed ring of protection from cold
 r - an amulet of the acrobat (around neck)
 w - an uncursed ring of teleportation
 x - an uncursed ring of flight
 y - a +3 ring of slaying (left hand)
 A - an uncursed ring of protection from magic
Wands
 t - a wand of random effects (56)
 F - a wand of disintegration (28)
 J - a wand of paralysis (2)
 M - a wand of digging (5)
 N - a wand of iceblast (7)
 O - a wand of flame (11)
 R - a wand of polymorph (6)
 S - a wand of scattershot (4)
Scrolls
 f - 11 scrolls of teleportation
 j - 2 scrolls of blinking
 D - 4 scrolls of remove curse
 E - 3 scrolls of fear
 I - 3 scrolls of fog
 U - a scroll of enchant armour
 V - 4 scrolls of identify
Potions
 e - a potion of resistance
 h - 2 potions of berserk rage
 k - 4 potions of flight
 l - 2 potions of heal wounds
 n - 3 potions of brilliance
 p - 4 potions of might
 s - 7 potions of curing
 v - 4 potions of mutation
 G - a potion of cancellation
 L - a potion of ambrosia
 Y - a potion of magic
Comestibles
 c - 21 rations
 m - 19 chunks of flesh


   Skills:
 * Level 11.7 Fighting
 * Level 15.1 Axes
 + Level 2.4 Throwing
 + Level 8.3 Armour
 + Level 5.3 Dodging
 + Level 3.1 Stealth
 + Level 0.2 Unarmed Combat
 + Level 1.2 Evocations


You had 12 spell levels left.
You didn't know any spells.
Your spell library was empty.

Dungeon Overview and Level Annotations

Branches:
Dungeon (12/15)            Temple (0/1) D:5            Lair (6/6) D:9
 Spider (0/4) Lair:3        Slime (0/5) Lair:5          Orc (0/2) D:9
  Swamp: Lair:2-4    Shoals: Lair:2-4

Altars:
Ashenzari
Dithmenos
Elyvilon
Fedhas
Gozag
Hepliaklqana
Okawaru
Sif Muna
Zin

Shops:
D:12 (*}(%

Annotations:
D:9 3 runed translucent doors, Arum's ghost, journeyman TeGl
D:10 3 runed translucent doors, Vito's ghost, journeyman VSWn


Innate Abilities, Weirdness & Mutations

You have sharp toenails.
You are completely covered in yellow scales. (AC +4, rCorr)
A demonic guardian rushes to your aid.
You sometimes gain a little power by taking damage.


Message History

The yak closely misses your sixfirhy. The dream sheep misses your sixfirhy.
The death yak gores you!!!
You wake up.
Ouch! That really hurt!
* * * LOW HITPOINT WARNING * * *
A spiny frog comes into view.
The death yak gores the plant.
Blink to where?
Press: ? - help, Dir - move target cursor You are very lightly contaminated with residual magic.
As you read the scroll of blinking, it crumbles to dust.
You are feeling hungry.
Your sixfirhy hits the death yak but does no damage. x2
Your sixfirhy hits the death yak.
Your sixfirhy shocks the death yak!
Your sixfirhy barely misses the death yak.
Your sixfirhy hits the death yak.
Your sixfirhy shocks the death yak!
The five-headed hydra bites you but does no damage. x2
The five-headed hydra bites you.
* * * LOW HITPOINT WARNING * * *
The five-headed hydra bites you!
You die...

#..........
#.........
PP......##.
#..........
#####..........
##.##...........
#.....÷.........
#............P.#
##.@...÷.÷...PP##
#..D.........P.#
###..÷.....###.##.#
##.#.......## ..# #
##...Y.....## .#
#....Y....#.# .
###........### ..
#...3Y....#.#
##...)....####


You could see 2 death yaks, a five-headed hydra, a dream sheep and a friendly
sixfirhy.

Vanquished Creatures
  Fannar (D:12)
  A death knight (D:12)
  3 hydras
  2 catoblepae (Lair:5)
  A two-headed ogre (D:8)
  Sonja (Lair:1)
  An unseen horror (D:10)
  Pikel (D:4)
  A cyclops (D:11)
  An ugly thing (D:11)
  3 manticores
  4 elephants
  A centaur zombie (D:10)
  3 black mambas
  The ghost of Edwards80 the Slicer, a novice SpAs (D:5)
  A centaur skeleton (D:12)
  8 spiny frogs
  5 komodo dragons
  2 freezing wraiths (D:12)
  3 jumping spiders (Lair:3)
  A polar bear (Lair:5)
  2 trolls
  9 blink frogs
  4 hippogriffs
  4 slime creatures
  A meliai zombie (D:12)
  A vampire (D:10)
  2 wraiths (D:12)
  4 redbacks (Lair:3)
  3 wyverns
  A shadow (D:12)
  2 humans (D:7)
  3 hungry ghosts
  25 yaks
  A basilisk (D:9)
  2 vampire mosquitoes (D:12)
  Edmund (D:4)
  A warg (D:9)
  5 water moccasins
  3 porcupines
  7 orc warriors
  A hornet zombie (D:11)
  2 ice beasts
  A necrophage (D:10)
  5 sky beasts
  A phantom (D:10)
  2 centaurs
  5 ogres
  4 crocodiles
  5 bullfrogs
  Blork the orc (D:4)
  A big kobold (D:9)
  A gnoll sergeant (D:12)
  A scorpion (D:6)
  10 killer bees
  8 wights
  A howler monkey (D:6)
  2 electric eels
  4 crimson imps
  3 bullfrog skeletons
  4 hounds
  13 jellies
  15 orc wizards
  3 iguanas
  8 worker ants
  A hound zombie (D:3)
  A hound skeleton (D:5)
  A worker ant zombie (D:8)
  Robin (D:4)
  3 gnolls (D:12)
  2 howler monkey skeletons
  12 adders
  2 shadow imps (D:8)
  14 oozes
  An adder zombie (D:6)
  An adder skeleton (D:6)
  A worm (D:5)
  A dart slug (D:1)
  5 leopard geckos
  35 orcs
  4 ball pythons (D:1)
  4 bats
  A giant cockroach (D:6)
  13 goblins
  9 hobgoblins
  9 jackals
  4 quokkas
  A ball python skeleton (D:4)
  6 frilled lizards
  12 kobolds
  2 rats (D:1)
  4 fungi
  A plant (Lair:6)
378 creatures vanquished.

Vanquished Creatures (collateral kills)
  2 death yaks (Lair:6)
  An ugly thing (D:11)
  A komodo dragon (Lair:2)
  A slime creature (D:12)
  3 blink frogs
  A hippogriff (Lair:6)
  2 dream sheep (Lair:6)
  Sigmund (D:4)
  A yak (D:9)
  A phantom (D:4)
  An ogre (D:4)
  A crimson imp (D:6)
  An orc wizard (D:4)
  An orc (D:4)
  A jackal (D:4)
  A kobold (D:3)
20 creatures vanquished.

Vanquished Creatures (others)
  A dart slug (D:4)
  An orc (D:4)
  A fungus (Lair:3)
  7 plants
10 creatures vanquished.

Grand Total: 408 creatures vanquished

Notes
Turn   | Place    | Note
-------+----------+-------------------------------------------
     0 | D:1      | eccles the Demonspawn Berserker began the quest for the
                  | Orb.
     0 | D:1      | Reached XP level 1. HP: 18/18 MP: 1/1
   161 | D:1      | Gained mutation: You are partially covered in yellow
                  | scales. (AC +2) [demonic ancestry]
   161 | D:1      | Reached XP level 2. HP: 13/24 MP: 2/2
   599 | D:1      | Reached skill level 3 in Axes
   910 | D:2      | Gained mutation: A weak demonic guardian rushes to your
                  | aid. [demonic ancestry]
   910 | D:2      | Reached XP level 3. HP: 29/29 MP: 3/3
  1092 | D:2      | Reached ** piety under Trog
  1145 | D:2      | Found an opulent altar of Gozag.
  1570 | D:3      | Gained mutation: You are mostly covered in yellow scales.
                  | (AC +3) [demonic ancestry]
  1570 | D:3      | Reached XP level 4. HP: 19/37 MP: 4/4
  2040 | D:3      | HP: 1/37 [something/puff of flame (4)]
  2334 | D:3      | Reached XP level 5. HP: 36/42 MP: 5/5
  2372 | D:3      | Found a faded altar of an unknown god.
  2761 | D:4      | Noticed an ogre
  2763 | D:4      | Reached skill level 4 in Axes
  2776 | D:4      | Killed an ogre
  2776 | D:4      | Reached *** piety under Trog
  2776 | D:4      | Reached skill level 1 in Stealth
  2776 | D:4      | Gained mutation: You sometimes gain a little power by
                  | taking damage. [demonic ancestry]
  2776 | D:4      | Reached XP level 6. HP: 34/49 MP: 6/6
  2825 | D:4      | Noticed Robin
  2849 | D:4      | Killed Robin
  2912 | D:4      | Noticed Pikel
  2916 | D:4      | Noticed a slave
  2920 | D:4      | Noticed a slave
  2921 | D:4      | Killed Pikel
  2921 | D:4      | Reached skill level 5 in Axes
  2921 | D:4      | Reached XP level 7. HP: 26/55 MP: 7/7
  3140 | D:4      | Noticed Sigmund
  3143 | D:4      | Reached skill level 5 in Fighting
  3153 | D:4      | Killed Sigmund
  3262 | D:4      | Reached skill level 6 in Axes
  3262 | D:4      | Reached XP level 8. HP: 56/63 MP: 8/8
  3293 | D:4      | Noticed Blork the orc
  3344 | D:4      | Killed Blork the orc
  3568 | D:4      | Found a glowing silver altar of Zin.
  3636 | D:4      | Noticed Edmund
  3645 | D:4      | Killed Edmund
  3734 | D:5      | Entered Level 5 of the Dungeon
  3738 | D:5      | Reached **** piety under Trog
  3778 | D:5      | Upgraded the game from 0.24.0-13-gcf9b3192b9 to
                  | 0.24.0-28-g17ded55e90
  3827 | D:5      | Found a staircase to the Ecumenical Temple.
  3939 | D:5      | Noticed Edwards80's ghost (novice SpAs)
  3945 | D:5      | Found a transporter.
  3949 | D:5      | Found a transporter.
  4314 | D:6      | Found a shimmering blue altar of Sif Muna.
  4327 | D:6      | Reached skill level 7 in Axes
  4514 | D:6      | Reached skill level 5 in Armour
  4960 | D:7      | Gained mutation: You have sharp toenails. [demonic
                  | ancestry]
  4960 | D:7      | Reached XP level 9. HP: 70/70 MP: 9/9
  5055 | D:7      | Reached skill level 8 in Axes
  5230 | D:7      | Found an iron altar of Okawaru.
  5266 | D:7      | Found a shimmering blue altar of Sif Muna.
  5524 | D:7      | Found a shadowy altar of Dithmenos.
  5524 | D:7      | Found a white marble altar of Elyvilon.
  5642 | D:7      | Found a blossoming altar of Fedhas.
  5644 | D:7      | Found a hazy altar of Hepliaklqana.
  5831 | D:8      | Reached skill level 9 in Axes
  6033 | D:8      | Found a shattered altar of Ashenzari.
  6057 | D:8      | Found the ring of Robustness {AC+8}
  6154 | D:8      | Noticed a two-headed ogre
  6170 | D:8      | Killed a two-headed ogre
  6170 | D:8      | Reached XP level 10. HP: 80/80 MP: 10/10
  6227 | D:8      | Found an opulent altar of Gozag.
  6641 | D:5      | Killed Edwards80's ghost
  6641 | D:5      | Reached skill level 10 in Axes
  6641 | D:5      | Reached skill level 1 in Throwing
  6877 | D:9      | Got a jewelled short sword
  6909 | D:9      | Reached ***** piety under Trog
  7094 | D:9      | Found a runed translucent gate.
  7094 | D:9      | Found a runed translucent gate.
  7094 | D:9      | Found a runed translucent gate.
  7094 | D:9      | Noticed Arum's ghost (journeyman TeGl)
  7113 | D:9      | Found a staircase to the Lair.
  7113 | D:9      | Noticed an elephant
  7157 | D:9      | Killed an elephant
  7390 | D:9      | Reached skill level 11 in Axes
  7474 | D:9      | Found a staircase to the Orcish Mines.
  7781 | D:10     | Entered Level 10 of the Dungeon
  7904 | D:10     | Reached XP level 11. HP: 87/87 MP: 11/11
  8295 | D:10     | Reached skill level 12 in Axes
  8352 | D:10     | Killed an unseen horror
  8397 | D:10     | Found a runed translucent gate.
  8397 | D:10     | Found a runed translucent gate.
  8397 | D:10     | Found a runed translucent gate.
  8441 | D:10     | Noticed Vito's ghost (journeyman VSWn)
  8660 | D:10     | Received a gift from Trog
  8664 | D:10     | Got an ancient war axe {god gift}
  8665 | D:10     | Identified the +8 war axe of Orb Guardian's Regret {drain,
                  | Fragile +Inv Dex+4} (Trog gifted it to you on level 10 of
                  | the Dungeon)
  8743 | D:11     | Noticed a cyan ugly thing
  8752 | D:11     | Killed a cyan ugly thing
  8878 | D:11     | Noticed a purple ugly thing
  8885 | D:11     | Killed a purple ugly thing
  9705 | D:12     | Found Tocwasam's Antique Weapon Shop.
  9740 | D:12     | Noticed a death knight
  9745 | D:12     | Reached skill level 13 in Axes
  9757 | D:12     | Killed a death knight
  9757 | D:12     | Reached skill level 10 in Fighting
  9765 | D:12     | Gained mutation: You are completely covered in yellow
                  | scales. (AC +4, rCorr) [demonic ancestry]
  9765 | D:12     | Reached XP level 12. HP: 46/97 MP: 12/12
 10004 | D:12     | Found Pavimn's Gadget Emporium.
 10250 | D:12     | Found Noxou's Food Boutique.
 10404 | D:12     | Noticed Fannar
 10415 | D:12     | Killed Fannar
 10552 | D:12     | Identified the +4 short sword of Quumaf {pierce, Fragile
                  | +Blink +Rage Int-3} (You found it on level 9 of the
                  | Dungeon)
 10565 | D:12     | Found Doliukk's Weapon Emporium.
 10569 | D:12     | Noticed an eight-headed hydra
 10580 | D:12     | Killed a 12-headed hydra
 10668 | D:12     | Found Sulyliva's Assorted Antiques.
 10676 | D:12     | Bought a scroll labeled LOVVIMUDIDO for 24 gold pieces
 10987 | Lair:1   | Entered Level 1 of the Lair of Beasts
 11686 | Lair:1   | Noticed Sonja
 11691 | Lair:1   | Killed Sonja
 11992 | Lair:2   | Reached skill level 14 in Axes
 12418 | Lair:3   | Reached ****** piety under Trog
 12419 | Lair:3   | Received a gift from Trog
 12582 | Lair:3   | Found a hole to the Spider Nest.
 13079 | Lair:3   | Reached skill level 1 in Evocations
 13107 | Lair:3   | You fall into a shaft and drop 2 floors!
 13208 | Lair:5   | Noticed a four-headed hydra
 13216 | Lair:5   | Killed a six-headed hydra
 13292 | Lair:5   | Reached skill level 5 in Dodging
 13298 | Lair:5   | Noticed a catoblepas
 13298 | Lair:5   | Noticed a catoblepas
 13321 | Lair:5   | Killed a catoblepas
 13321 | Lair:5   | Gained mutation: A demonic guardian rushes to your aid.
                  | [demonic ancestry]
 13321 | Lair:5   | Reached XP level 13. HP: 104/106 MP: 13/13
 13717 | Lair:5   | Found a staircase to the Slime Pits.
 14201 | Lair:6   | Entered Level 6 of the Lair of Beasts
 14605 | Lair:6   | Reached skill level 15 in Axes
 14736 | Lair:6   | Received a gift from Trog
 14741 | Lair:6   | Mangled by a five-headed hydra

Levels and vault maps discovered:
D:1:      lemuel_arrival_tunnels, layout_loops_cross, minmay_shallow_snake_nest
D:2:      layout_basic, minmay_misc_feat_square, grunt_gozag_breadcrumbs
D:3:      layout_loops_cross, chequers_ecumenical_altar_lobes
D:4:      layout_rooms, kennysheep_mini_moat, first_ration, serial_rivers,
          chequers_serial_rivers_micro_e, chequers_serial_rivers_room_b,
          chequers_serial_rivers_micro_b, chequers_serial_rivers_marsh,
          chequers_serial_rivers_micro_e, uniq_edmund, uniq_sigmund, uniq_robin,
          uniq_blork_the_orc, uniq_pikel
D:5:      layout_rooms, temple_pool_b, gammafunk_ghost_hive
D:6:      kennysheep_orc_sif_temple, layout_basic, st_stairs_3, minivault_26,
          minmay_between
D:7:      layout_basic, okawaru_humans, minitemple,
          nicolae_overflow_hidden_temple
D:8:      layout_loops_ring, ashenzari_conservatory_becter, basic_altar
D:9:      layout_long_grid, david_lair_generic, david_orc_1_choice,
          ebering_ghost_rock_garden
D:10:     layout_roguey, gammafunk_ghost_icy
D:11:     layout_basic
D:12:     layout_basic, serial_shops, shop, shop, nicolae_shop_waterfront, shop,
          shop, uniq_fannar
Lair:1:   layout_big_grid, beast_lair_carwin_9, uniq_sonja
Lair:2:   layout_small_grid, infiniplex_staircase_pool
Lair:3:   lemuel_slime, layout_gridlike, nicolae_spider_entry_tight_spaces
Lair:5:   nzn_motion_control, layout_cave_pods, dpeg_slime_entry_corner,
          serial_bayou_ford_a, grunt_megastairs_4
Lair:6:   evilmike_catoblepas_cave, layout_hall_layers,
          lightli_volcano_entry_magma_tube, grunt_megastairs_2

Skill      XL: |  1  2  3  4  5  6  7  8  9 10 11 12 13 |
---------------+----------------------------------------+-----
Armour         | 2 3 4 5 6 7 8 |  8.3
Axes           | 3 4 5 6 7 9 11 13 14 15 | 15.1
Dodging        | 2 3 4 5 |  5.3
Fighting       | 4 5 6 7 8 10 11 | 11.7
Stealth        | 1 2 3 |  3.1
Throwing       | 1 2 |  2.4
Evocations     | 1 |  1.2
Unarmed Combat | |  0.2

Action                   |  1- 3 |  4- 6 |  7- 9 | 10-12 | 13-15 || total
-------------------------+-------+-------+-------+-------+-------++-------
Melee: Hand axe          |   119 |   118 |    79 |       |       ||   316
       War axe           |       |       |   223 |   510 |    72 ||   805
       Unarmed           |       |       |    14 |       |       ||    14
       Kick              |       |       |    28 |   185 |    36 ||   249
       Punch             |       |       |       |     2 |       ||     2
Throw: Stone             |     2 |       |       |       |       ||     2
       Dart              |       |       |    12 |     5 |     4 ||    21
Invok: Berserk           |     1 |     3 |     3 |     4 |     2 ||    13
Evoke: Wand              |       |     1 |       |     8 |     2 ||    11
  Use: Scroll            |     6 |     4 |     7 |    13 |     5 ||    35
       Potion            |       |     1 |       |       |       ||     1
 Stab: Sleeping          |     1 |       |       |       |       ||     1
       Distracted        |       |       |       |     5 |     1 ||     6
  Eat: Chunk             |     1 |     5 |    18 |    12 |     3 ||    39
       Ration            |     1 |       |     1 |     4 |     1 ||     7
Armor: Animal skin       |    15 |       |       |       |       ||    15
       Ring mail         |    23 |    14 |       |       |       ||    37
       Chain mail        |       |    79 |    66 |       |       ||   145
       Scale mail        |       |       |    99 |   264 |    52 ||   415
Dodge: Dodged            |    88 |    70 |   161 |   322 |    78 ||   719
       Deflected         |       |       |       |       |     2 ||     2
